[Event "Queens Festival Final Team 2022"]
[Site "Tornelo"]
[Date "2022.06.26"]
[Round "1.5"]
[White "Davari, Sara"]
[Black "Francis, Onkemetse"]
[Result "1-0"]
[ECO "C01"]
[WhiteElo "1674"]
[BlackElo "1777"]
[Annotator "NA RC"]
[PlyCount "99"]
[EventDate "2022.06.24"]
[EventType "team-tourn"]
[EventCountry "NET"]
[SourceTitle "playchess.com"]
[Source "ChessBase"]
[SourceQuality "1"]
[WhiteTeam "Iran"]
[BlackTeam "Botswana"]
[WhiteTeamCountry "IRI"]
[BlackTeamCountry "BOT"]
[TimeControl "180+2"]

1. e4 e6 2. d4 d5 3. Nc3 Bb4 4. exd5 exd5 5. Bd3 Ne7 6. Nf3 O-O 7. O-O Bf5 8. a3 Ba5 9. Bg5 Bxd3 10. Qxd3 c6 11. Rfe1 f6 12. Bh4 Bc7 13. Bg3 Bxg3 14. hxg3 Ng6 15. Qf5 Qd7 16. Qh5 Na6 17. Ne2 Rae8 18. Nf4 Nxf4 19. gxf4 Qf7 20. Qg4 Qg6 21. Qxg6 hxg6 22. Nh4 Kf7 23. f5 g5 24. Ng6 Rxe1+ 25. Rxe1 Re8 26. Rxe8 Kxe8 27. f4 gxf4 28. Nxf4 Nc7 29. Kf2 Nb5 30. Ke3 Nd6 31. Ne6 Kf7 32. Kf4 b6 33. Nd8+ Kf8 34. Nxc6 a5 35. Nd8 Nc4 36. Ne6+ Kf7 37. Nc7 Nxb2 38. Nxd5 b5 39. Nc3 b4 40. axb4 axb4 41. Nd5 Nc4 42. Nxb4 g6 43. fxg6+ Kxg6 44. d5 Kf7 45. g4 Nd6 46. Nd3 Nb7 47. c4 Nc5 48. Nxc5 Ke7 49. Ne4 Kf7 50. d6 1-0

[Event "Queens Festival Final Team 2022"]
[Site "Tornelo"]
[Date "2022.06.26"]
[Round "1.5"]
[White "Banda Natalie Katlo"]
[Black "Khezrian, Nooralzahra"]
[Result "1/2-1/2"]
[ECO "A45"]
[WhiteElo "1629"]
[BlackElo "1269"]
[Annotator "NA RC"]
[PlyCount "30"]
[EventDate "2022.06.24"]
[EventType "team-tourn"]
[EventCountry "NET"]
[SourceTitle "playchess.com"]
[Source "ChessBase"]
[SourceQuality "1"]
[WhiteTeam "Botswana"]
[BlackTeam "Iran"]
[WhiteTeamCountry "BOT"]
[BlackTeamCountry "IRI"]
[TimeControl "180+2"]

1. d4 Nf6 2. Bg5 g6 3. Bxf6 exf6 4. e3 Bg7 5. Bd3 O-O 6. h4 h5 7. g4 hxg4 8. Qxg4 d6 9. Qg3 Qd7 10. h5 gxh5 11. Rxh5 Qg4 12. Bh7+ Kh8 13. Bg6+ Kg8 14. Bh7+ Kh8 15. Bg6+ Kg8 1/2-1/2

[Event "Queens Festival Final Team 2022"]
[Site "Tornelo"]
[Date "2022.06.26"]
[Round "1.5"]
[White "Moshoboro Arona"]
[Black "Masoumi, Sahar"]
[Result "0-1"]
[ECO "E73"]
[WhiteElo "1555"]
[BlackElo "2004"]
[Annotator "NA RC"]
[PlyCount "122"]
[EventDate "2022.06.24"]
[EventType "team-tourn"]
[EventCountry "NET"]
[SourceTitle "playchess.com"]
[Source "ChessBase"]
[SourceQuality "1"]
[WhiteTeam "Botswana"]
[BlackTeam "Iran"]
[WhiteTeamCountry "BOT"]
[BlackTeamCountry "IRI"]
[TimeControl "180+2"]

1. d4 Nf6 2. c4 g6 3. Nc3 Bg7 4. e4 d6 5. Be3 O-O 6. Be2 Na6 7. Qd2 e5 8. d5 Nc5 9. f3 a5 10. g4 Bd7 11. h4 Ne8 12. Bh6 f5 13. exf5 gxf5 14. O-O-O f4 15. Bg5 Nf6 16. Nh3 a4 17. Rdg1 Qb8 18. Nf2 Qa7 19. h5 a3 20. b3 Nxb3+ 21. axb3 a2 22. Kc2 Qxf2 23. Bh4 Qd4 24. Qxd4 exd4 25. Bxf6 Bxf6 26. Ne4 d3+ 27. Bxd3 a1=Q 28. Rxa1 Bxa1 29. Nc3 Bxc3 30. Kxc3 Ra2 31. Rf1 Rfa8 32. Bc2 Ra1 33. Rf2 Re1 34. Kd2 Raa1 35. Kc3 Rf1 36. Re2 Rae1 37. Rd2 Rxf3+ 38. Kb4 Bxg4 39. Rg2 Rg3 40. Rf2 f3 41. Rd2 Rg2 42. Rd4 f2 43. Bd3 f1=Q 44. Bxf1 Rxf1 45. Re4 Bxh5 46. Re7 Rg7 47. Re4 Rb1 48. Rh4 Bd1 49. Rh3 Rxb3+ 50. Rxb3 Bxb3 51. Kxb3 h5 52. Kc3 h4 53. Kd3 h3 54. Ke3 h2 55. Kf2 h1=Q 56. Ke3 Rf7 57. Kd4 Qd1+ 58. Kc3 Rf3+ 59. Kb4 Qb1+ 60. Ka4 Qa2+ 61. Kb4 Rb3# 0-1

[Event "Queens Festival Final Team 2022"]
[Site "Tornelo"]
[Date "2022.06.26"]
[Round "1.5"]
[White "khezrian, Neda"]
[Black "Marape, Naledi"]
[Result "0-1"]
[ECO "E61"]
[WhiteElo "1056"]
[BlackElo "1707"]
[Annotator "NA RC"]
[PlyCount "92"]
[EventDate "2022.06.24"]
[EventType "team-tourn"]
[EventCountry "NET"]
[SourceTitle "playchess.com"]
[Source "ChessBase"]
[SourceQuality "1"]
[WhiteTeam "Iran"]
[BlackTeam "Botswana"]
[WhiteTeamCountry "IRI"]
[BlackTeamCountry "BOT"]
[TimeControl "180+2"]

1. d4 Nf6 2. Nf3 g6 3. c4 Bg7 4. Nc3 O-O 5. Bf4 d6 6. e3 Nbd7 7. Be2 Re8 8. Bg3 h5 9. h3 c6 10. O-O d5 11. cxd5 Nxd5 12. Bc4 N7b6 13. Bb3 Nxc3 14. bxc3 Nd5 15. Qc1 Bf5 16. Re1 Nf6 17. Bc2 Ne4 18. Bd3 Nxg3 19. Bxf5 Nxf5 20. e4 Nd6 21. e5 Nf5 22. Rb1 Qc7 23. Qd2 Rad8 24. Rbd1 e6 25. Qf4 c5 26. Qc1 cxd4 27. cxd4 Qxc1 28. Rxc1 Nxd4 29. Nxd4 Rxd4 30. Rc7 Rb8 31. Rec1 Rdd8 32. Re1 Rbc8 33. Rxc8 Rxc8 34. Rd1 Rc7 35. Rd8+ Kh7 36. Rd2 Bxe5 37. Re2 Bg7 38. Rb2 e5 39. Rb4 Re7 40. Kf1 e4 41. Ke2 a5 42. Ra4 b5 43. Rxa5 b4 44. Rb5 Bc3 45. Ke3 f5 46. Rb6 Ra7 0-1

[Event "Queens Festival Final Team 2022"]
[Site "Tornelo"]
[Date "2022.06.26"]
[Round "1.6"]
[White "Ovezdurdiyeva, Jemal"]
[Black "Shah, Riya"]
[Result "1-0"]
[ECO "A43"]
[WhiteElo "2061"]
[BlackElo "1559"]
[Annotator "NA RC"]
[PlyCount "89"]
[EventDate "2022.06.24"]
[EventType "team-tourn"]
[EventCountry "NET"]
[SourceTitle "playchess.com"]
[Source "ChessBase"]
[SourceQuality "1"]
[WhiteTeam "Turkmenistan"]
[BlackTeam "Kenya"]
[WhiteTeamCountry "TKM"]
[BlackTeamCountry "KEN"]
[TimeControl "180+2"]

1. d4 g6 2. c4 Bg7 3. Nc3 c5 4. d5 d6 5. h3 f5 6. e4 fxe4 7. Nxe4 Nf6 8. Ng3 O-O 9. Nf3 e6 10. dxe6 Bxe6 11. Be2 Nc6 12. O-O Qe7 13. Be3 Rad8 14. Ng5 Ne5 15. Nxe6 Qxe6 16. Qb3 b6 17. Rad1 Kh8 18. Rfe1 Qf7 19. Rd2 d5 20. cxd5 Nxd5 21. Red1 Nxe3 22. Qxf7 Nxf7 23. fxe3 Rxd2 24. Rxd2 Rd8 25. Rxd8+ Nxd8 26. b3 Nc6 27. Ne4 Nb4 28. a4 Nc2 29. Kf2 Na1 30. Bc4 Nc2 31. Nd6 Be5 32. Nf7+ Kg7 33. Nxe5 Kf6 34. Nc6 a5 35. Nb8 Na1 36. Nd7+ Kf5 37. Nxb6 Nc2 38. Nd7 Nb4 39. Nxc5 Nc6 40. Nb7 Ke4 41. Ke2 h6 42. Bf7 g5 43. Bh5 Kd5 44. Bf3+ Ke6 45. Bxc6 1-0

[Event "Queens Festival Final Team 2022"]
[Site "Tornelo"]
[Date "2022.06.26"]
[Round "1.6"]
[White "Agajanova, Meryem"]
[Black "Kosgey Sheila Jerop"]
[Result "1-0"]
[ECO "E67"]
[WhiteElo "1783"]
[BlackElo "1242"]
[Annotator "NA RC"]
[PlyCount "103"]
[EventDate "2022.06.24"]
[EventType "team-tourn"]
[EventCountry "NET"]
[SourceTitle "playchess.com"]
[Source "ChessBase"]
[SourceQuality "1"]
[WhiteTeam "Turkmenistan"]
[BlackTeam "Kenya"]
[WhiteTeamCountry "TKM"]
[BlackTeamCountry "KEN"]
[TimeControl "180+2"]

1. d4 g6 2. Nf3 Bg7 3. g3 d6 4. Bg2 Nd7 5. O-O Ngf6 6. c4 O-O 7. Qc2 Re8 8. Rd1 e5 9. dxe5 dxe5 10. Nc3 c6 11. b3 Qa5 12. Bb2 Qc7 13. Rac1 Nf8 14. Ba3 h5 15. Bd6 Qa5 16. Bxe5 Bf5 17. Qb2 Rad8 18. h4 Rxd1+ 19. Rxd1 Rxe5 20. Nxe5 Qxe5 21. Na4 Qxb2 22. Nxb2 Ne4 23. Nd3 Nc3 24. Rd2 Nxe2+ 25. Rxe2 Bxd3 26. Re7 Bb1 27. a3 b5 28. Bxc6 bxc4 29. bxc4 Bd4 30. Bd5 Bf5 31. Bxf7+ Kh8 32. Bd5 Bc5 33. Re8 Kg7 34. a4 Nh7 35. Rb8 Nf6 36. Rb7+ Kh6 37. Bf3 Be4 38. Bxe4 Nxe4 39. Rf7 Nd6 40. Rc7 Bb6 41. Rc6 Ne4 42. Kg2 Nc5 43. a5 Bxa5 44. Rxc5 Bb6 45. Rc8 Kg7 46. c5 Ba5 47. c6 Kf6 48. c7 Ke7 49. Re8+ Kxe8 50. c8=Q+ Ke7 51. Qc5+ Kd7 52. Qxa5 1-0

[Event "Queens Festival Final Team 2022"]
[Site "Tornelo"]
[Date "2022.06.26"]
[Round "1.6"]
[White "Mwendwa, Triza"]
[Black "Shohradowa, Lala"]
[Result "0-1"]
[ECO "B13"]
[WhiteElo "1470"]
[BlackElo "1856"]
[Annotator "NA RC"]
[PlyCount "54"]
[EventDate "2022.06.24"]
[EventType "team-tourn"]
[EventCountry "NET"]
[SourceTitle "playchess.com"]
[Source "ChessBase"]
[SourceQuality "1"]
[WhiteTeam "Kenya"]
[BlackTeam "Turkmenistan"]
[WhiteTeamCountry "KEN"]
[BlackTeamCountry "TKM"]
[TimeControl "180+2"]

1. d4 Nf6 2. Bf4 c5 3. e3 cxd4 4. exd4 d5 5. Nf3 Nc6 6. c3 Bf5 7. Nbd2 e6 8. Qb3 Qd7 9. Bb5 Bd6 10. Ne5 Bxe5 11. dxe5 Nh5 12. Bg3 O-O 13. f4 Nxg3 14. hxg3 a6 15. Be2 d4 16. c4 d3 17. Bf3 Nd4 18. Qc3 Nc2+ 19. Kf2 Nxa1 20. Rxa1 Rac8 21. b3 b5 22. g4 Bg6 23. Rh1 bxc4 24. Nxc4 Rfd8 25. Qa5 Qd4+ 26. Ke1 d2+ 27. Qxd2 Qa1+ 0-1

[Event "Queens Festival Final Team 2022"]
[Site "Tornelo"]
[Date "2022.06.26"]
[Round "2.1"]
[White "Subramanian, Anusha"]
[Black "Shah, Riya"]
[Result "1-0"]
[ECO "E60"]
[WhiteElo "1671"]
[BlackElo "1559"]
[Annotator "NA RC"]
[PlyCount "161"]
[EventDate "2022.06.24"]
[EventType "team-tourn"]
[EventCountry "NET"]
[SourceTitle "playchess.com"]
[Source "ChessBase"]
[SourceQuality "1"]
[WhiteTeam "England"]
[BlackTeam "Kenya"]
[WhiteTeamCountry "ENG"]
[BlackTeamCountry "KEN"]
[TimeControl "180+2"]

1. b3 Nf6 2. Bb2 g6 3. Nf3 Bg7 4. e3 d6 5. c4 c5 6. d4 cxd4 7. Nxd4 Nc6 8. Be2 O-O 9. O-O e5 10. Nb5 Ne8 11. Ba3 e4 12. N1c3 a6 13. Nxd6 Nxd6 14. Bxd6 Bxc3 15. Rc1 Bg7 16. Bxf8 Kxf8 17. Qc2 Bf5 18. Rfd1 Qf6 19. g4 Qg5 20. Kh1 Be6 21. Qxe4 Re8 22. Qg2 Ne5 23. f4 Qf6 24. fxe5 Qxe5 25. Qf3 Bh6 26. Rd3 Kg8 27. Rf1 f5 28. gxf5 Bxf5 29. Qd5+ Qxd5+ 30. Rxd5 Be4+ 31. Bf3 Bxd5 32. Bxd5+ Kh8 33. e4 b6 34. Rf6 b5 35. Rxa6 bxc4 36. bxc4 Rf8 37. Kg2 Be3 38. Rc6 Rf2+ 39. Kg3 Rxa2 40. Rc8+ Kg7 41. c5 Ra3 42. c6 Bg1+ 43. Kg2 Bb6 44. c7 Rc3 45. Rg8+ Kh6 46. c8=Q Rxc8 47. Rxc8 Kg5 48. Rc6 Bd4 49. Rc7 h5 50. Kf3 Be5 51. Rc5 Kf6 52. h4 g5 53. hxg5+ Kxg5 54. Be6 Kf6 55. Bf5 h4 56. Kg2 Bg3 57. Kh3 Ke7 58. Rc6 Kf7 59. Kg4 Kg7 60. Kg5 Kf7 61. Ra6 Ke7 62. Kg6 Bf2 63. e5 Bc5 64. e6 Ke8 65. Rc6 Be7 66. Rc8+ Bd8 67. Kh5 Ke7 68. Kxh4 Kf6 69. Kg4 Be7 70. Rc7 Bb4 71. Rf7+ Ke5 72. e7 Bxe7 73. Rxe7+ Kf6 74. Re6+ Kf7 75. Kg5 Kg7 76. Re7+ Kf8 77. Kf6 Kg8 78. Be6+ Kf8 79. Rf7+ Kg8 80. Ra7+ Kf8 81. Ra8# 1-0

[Event "Queens Festival Final Team 2022"]
[Site "Tornelo"]
[Date "2022.06.26"]
[Round "2.1"]
[White "Posadas, Rayelynn"]
[Black "Kosgey Sheila Jerop"]
[Result "0-1"]
[ECO "E68"]
[WhiteElo "1648"]
[BlackElo "1242"]
[Annotator "NA RC"]
[PlyCount "54"]
[EventDate "2022.06.24"]
[EventType "team-tourn"]
[EventCountry "NET"]
[SourceTitle "playchess.com"]
[Source "ChessBase"]
[SourceQuality "1"]
[WhiteTeam "England"]
[BlackTeam "Kenya"]
[WhiteTeamCountry "ENG"]
[BlackTeamCountry "KEN"]
[TimeControl "180+2"]

1. Nf3 Nf6 2. g3 g6 3. Bg2 Bg7 4. d4 O-O 5. O-O Re8 6. c4 d6 7. Nc3 Nbd7 8. b3 e5 9. e4 exd4 10. Nxd4 Nc5 11. f3 c6 12. Be3 Qa5 13. Qc2 d5 14. cxd5 cxd5 15. Rac1 dxe4 16. fxe4 Bg4 17. Ndb5 Ne6 18. e5 Nd7 19. Nd6 Reb8 20. Rxf7 Qxe5 21. Qd3 Ndc5 22. Qd2 Rd8 23. Rcf1 Rxd6 24. Qc2 Qxe3+ 25. Kh1 Qd2 26. Qxd2 Rxd2 27. Nb5 Rad8 0-1

[Event "Queens Festival Final Team 2022"]
[Site "Tornelo"]
[Date "2022.06.26"]
[Round "2.1"]
[White "Mwendwa, Triza"]
[Black "Grigoryan, Meri"]
[Result "1-0"]
[ECO "D02"]
[WhiteElo "1470"]
[BlackElo "1993"]
[Annotator "NA RC"]
[PlyCount "65"]
[EventDate "2022.06.24"]
[EventType "team-tourn"]
[EventCountry "NET"]
[SourceTitle "playchess.com"]
[Source "ChessBase"]
[SourceQuality "1"]
[WhiteTeam "Kenya"]
[BlackTeam "England"]
[WhiteTeamCountry "KEN"]
[BlackTeamCountry "ENG"]
[TimeControl "180+2"]

1. d4 d5 2. Bf4 Nf6 3. e3 e6 4. Nf3 Bd6 5. Bg3 Bxg3 6. hxg3 c5 7. c3 c4 8. Nbd2 Nc6 9. Be2 Bd7 10. Qc2 b5 11. e4 dxe4 12. Nxe4 Nxe4 13. Qxe4 f5 14. Qe3 Qe7 15. Ng5 h6 16. Bh5+ Kf8 17. Nf3 g5 18. Ne5 Nxe5 19. Qxe5 Qg7 20. Qd6+ Qe7 21. Qe5 Rh7 22. Bg6 Rc8 23. Bxh7 Qxh7 24. Qd6+ Ke8 25. d5 exd5 26. Qxd5 Rc6 27. O-O-O Ra6 28. Rhe1+ Kd8 29. Qa8+ Kc7 30. Rxd7+ Qxd7 31. Re8 Qc6 32. Qb8+ Kd7 33. Qd8# 1-0

[Event "Queens Festival Final Team 2022"]
[Site "Tornelo"]
[Date "2022.06.26"]
[Round "2.1"]
[White "Muthoni, Vivian"]
[Black "Catabay, Mae Katelyn Rose"]
[Result "0-1"]
[ECO "C00"]
[WhiteElo "1128"]
[BlackElo "1321"]
[Annotator "NA RC"]
[PlyCount "64"]
[EventDate "2022.06.24"]
[EventType "team-tourn"]
[EventCountry "NET"]
[SourceTitle "playchess.com"]
[Source "ChessBase"]
[SourceQuality "1"]
[WhiteTeam "Kenya"]
[BlackTeam "England"]
[WhiteTeamCountry "KEN"]
[BlackTeamCountry "ENG"]
[TimeControl "180+2"]

1. e4 e6 2. Nf3 d5 3. Bd3 Be7 4. O-O dxe4 5. Bxe4 Nf6 6. Nc3 Nxe4 7. Nxe4 Nc6 8. d3 O-O 9. Be3 b6 10. Qd2 Bb7 11. Bh6 Bf6 12. Bg5 Bxg5 13. Nfxg5 h6 14. Nf3 f5 15. Ng3 Qf6 16. c3 Ne7 17. Qe2 Bxf3 18. Qxf3 g5 19. h3 Ng6 20. Nh5 Qf7 21. g4 Nh4 22. Qg3 f4 23. Qh2 Nf3+ 24. Kh1 Nxh2 25. Kxh2 e5 26. Rfe1 Rfe8 27. f3 Rad8 28. Rad1 Qg6 29. d4 exd4 30. cxd4 Rxe1 31. Rxe1 Rxd4 32. Re7 Qc2+ 0-1

[Event "Queens Festival Final Team 2022"]
[Site "Tornelo"]
[Date "2022.06.26"]
[Round "2.2"]
[White "Shohradowa, Lala"]
[Black "Moshoboro Arona"]
[Result "0-1"]
[ECO "D31"]
[WhiteElo "1856"]
[BlackElo "1555"]
[Annotator "NA RC"]
[PlyCount "84"]
[EventDate "2022.06.24"]
[EventType "team-tourn"]
[EventCountry "NET"]
[SourceTitle "playchess.com"]
[Source "ChessBase"]
[SourceQuality "1"]
[WhiteTeam "Turkmenistan"]
[BlackTeam "Botswana"]
[WhiteTeamCountry "TKM"]
[BlackTeamCountry "BOT"]
[TimeControl "180+2"]

1. d4 e6 2. c4 d5 3. Nc3 Ne7 4. cxd5 exd5 5. Nf3 Nf5 6. Bf4 Bb4 7. e3 O-O 8. Bd3 Be6 9. O-O Nc6 10. a3 Bxc3 11. bxc3 Nce7 12. h3 Ng6 13. Bh2 Qe7 14. Qb1 Nd6 15. Ne5 b6 16. a4 Qe8 17. Nxg6 fxg6 18. a5 Qd7 19. Bxd6 Qxd6 20. e4 dxe4 21. Bxe4 Bd5 22. Bxd5+ Qxd5 23. Qb4 Rab8 24. axb6 axb6 25. Ra7 Rb7 26. Rxb7 Qxb7 27. Qb3+ Kh8 28. Re1 h5 29. Re7 Qc6 30. Re6 Qd7 31. Rxg6 Qf5 32. Rg3 Qxf2+ 33. Kh2 Qf4 34. Qd5 h4 35. Qh5+ Kg8 36. Qd5+ Rf7 37. Qd8+ Kh7 38. Kg1 Qf2+ 39. Kh1 Qe1+ 40. Kh2 Qxg3+ 41. Kg1 Qe1+ 42. Kh2 Rf1 0-1

[Event "Queens Festival Final Team 2022"]
[Site "Tornelo"]
[Date "2022.06.26"]
[Round "2.2"]
[White "Francis, Onkemetse"]
[Black "Agajanova, Meryem"]
[Result "0-1"]
[ECO "C01"]
[WhiteElo "1777"]
[BlackElo "1783"]
[Annotator "NA RC"]
[PlyCount "108"]
[EventDate "2022.06.24"]
[EventType "team-tourn"]
[EventCountry "NET"]
[SourceTitle "playchess.com"]
[Source "ChessBase"]
[SourceQuality "1"]
[WhiteTeam "Botswana"]
[BlackTeam "Turkmenistan"]
[WhiteTeamCountry "BOT"]
[BlackTeamCountry "TKM"]
[TimeControl "180+2"]

1. e4 e6 2. d4 d5 3. exd5 exd5 4. Bd3 Nf6 5. Nf3 Bd6 6. O-O O-O 7. c3 c6 8. Bg5 Bg4 9. Nbd2 Nbd7 10. h3 Bh5 11. Qc2 Qc7 12. Rfe1 Rfe8 13. Bf5 Bf4 14. Bxf4 Qxf4 15. Bd3 Bxf3 16. Nxf3 Ne4 17. Re2 Re6 18. Rae1 Rae8 19. Nh2 Ndf6 20. g3 Qd6 21. Kg2 Ng5 22. Rxe6 Rxe6 23. Qd2 h6 24. h4 Nge4 25. Qc2 Qe7 26. Re3 Nd6 27. Rxe6 Qxe6 28. Qe2 Qxe2 29. Bxe2 Kf8 30. Nf3 Ke7 31. Ne5 Nd7 32. Nd3 Nc4 33. b3 Nd6 34. f3 b6 35. Bf1 c5 36. dxc5 bxc5 37. Nb2 Nb6 38. Kf2 Kd7 39. Ke3 Kc6 40. Nd3 Nb5 41. Ne5+ Kd6 42. Nxf7+ Ke7 43. Bxb5 Kxf7 44. Kf4 Kf6 45. g4 g5+ 46. hxg5+ hxg5+ 47. Ke3 Ke5 48. Bd3 d4+ 49. cxd4+ cxd4+ 50. Kf2 Nd5 51. b4 Nxb4 52. Bc4 Kf4 53. a4 Ke5 54. Ke2 Kd6 0-1

[Event "Queens Festival Final Team 2022"]
[Site "Tornelo"]
[Date "2022.06.26"]
[Round "2.2"]
[White "Marape, Naledi"]
[Black "Ovezdurdiyeva, Jemal"]
[Result "1-0"]
[ECO "B92"]
[WhiteElo "1707"]
[BlackElo "2061"]
[Annotator "NA RC"]
[PlyCount "117"]
[EventDate "2022.06.24"]
[EventType "team-tourn"]
[EventCountry "NET"]
[SourceTitle "playchess.com"]
[Source "ChessBase"]
[SourceQuality "1"]
[WhiteTeam "Botswana"]
[BlackTeam "Turkmenistan"]
[WhiteTeamCountry "BOT"]
[BlackTeamCountry "TKM"]
[TimeControl "180+2"]

1. e4 c5 2. Nf3 d6 3. d4 cxd4 4. Nxd4 Nf6 5. Nc3 a6 6. Be2 e5 7. Nb3 Be7 8. Be3 Be6 9. Qd2 Nc6 10. f3 h5 11. O-O-O Rc8 12. Kb1 Nb8 13. Bg5 Nbd7 14. Bxf6 Nxf6 15. Nd5 Nxd5 16. exd5 Bf5 17. Bd3 Bg5 18. Qe2 Bxd3 19. Rxd3 O-O 20. h4 Bf6 21. g4 Rc4 22. gxh5 Bxh4 23. Nd2 Rf4 24. Ne4 f5 25. Nc3 Bg5 26. Rdd1 Bh6 27. Rdg1 Qe7 28. Rg6 Rf6 29. Rhg1 Rxg6 30. Rxg6 Rh4 31. a3 Rxh5 32. f4 Bxf4 33. Qxh5 e4 34. Qxf5 Be5 35. Ne2 e3 36. Qe6+ Qxe6 37. Rxe6 Kf7 38. Kc1 g5 39. c3 g4 40. Kd1 g3 41. Ke1 g2 42. Ng1 Bh2 43. Nf3 g1=Q+ 44. Nxg1 Bxg1 45. Kf1 Bf2 46. Rxd6 Ke7 47. Re6+ Kd7 48. Rb6 Kc7 49. Rf6 Bh4 50. Rf4 Bg5 51. Re4 Kd6 52. c4 Kc5 53. b3 Bh6 54. Ke2 Bg5 55. Re7 b5 56. Rxe3 Bxe3 57. Kxe3 bxc4 58. bxc4 Kd6 59. Kd4 1-0

[Event "Queens Festival Final Team 2022"]
[Site "Tornelo"]
[Date "2022.06.26"]
[Round "2.3"]
[White "Shriyan santosh Priyasha"]
[Black "khezrian, Neda"]
[Result "1-0"]
[ECO "D02"]
[WhiteElo "1597"]
[BlackElo "1056"]
[Annotator "NA RC"]
[PlyCount "61"]
[EventDate "2022.06.24"]
[EventType "team-tourn"]
[EventCountry "NET"]
[SourceTitle "playchess.com"]
[Source "ChessBase"]
[SourceQuality "1"]
[WhiteTeam "MAW"]
[BlackTeam "Iran"]
[BlackTeamCountry "IRI"]
[TimeControl "180+2"]

1. d4 d5 2. Nf3 Bf5 3. g3 e6 4. Bg2 c5 5. O-O Nc6 6. c4 dxc4 7. Qa4 Nf6 8. dxc5 Bxc5 9. Ne5 O-O 10. Nxc6 bxc6 11. Qxc6 Rc8 12. Qa4 Qb6 13. e3 Rfd8 14. Nc3 a6 15. e4 Bg6 16. Qc2 e5 17. Na4 Qa7 18. Nxc5 Qxc5 19. Be3 Qb5 20. Rfd1 Rb8 21. Rxd8+ Rxd8 22. Rb1 h6 23. b3 cxb3 24. Rxb3 Qd7 25. Rb1 Qd3 26. Qxd3 Rxd3 27. Bf1 Ra3 28. Rb2 Nxe4 29. Bc4 Rc3 30. Bb3 Rc1+ 31. Bxc1 1-0

[Event "Queens Festival Final Team 2022"]
[Site "Tornelo"]
[Date "2022.06.26"]
[Round "2.3"]
[White "Nkhoma, Desiderata"]
[Black "Davari, Sara"]
[Result "0-1"]
[ECO "C47"]
[WhiteElo "1465"]
[BlackElo "1674"]
[Annotator "NA RC"]
[PlyCount "50"]
[EventDate "2022.06.24"]
[EventType "team-tourn"]
[EventCountry "NET"]
[SourceTitle "playchess.com"]
[Source "ChessBase"]
[SourceQuality "1"]
[WhiteTeam "MAW"]
[BlackTeam "Iran"]
[BlackTeamCountry "IRI"]
[TimeControl "180+2"]

1. e4 e5 2. Nf3 Nf6 3. Nc3 Nc6 4. d4 exd4 5. Nxd4 Bb4 6. f3 d5 7. Nxc6 bxc6 8. exd5 Nxd5 9. Bd2 Nxc3 10. bxc3 Bc5 11. Bd3 O-O 12. Be4 Re8 13. Qe2 a5 14. Be3 Ba6 15. Qf2 Bxe3 16. Qxe3 f5 17. Kf2 fxe4 18. Rhe1 exf3 19. Qc5 Qd2+ 20. Kg3 Qxg2+ 21. Kh4 Qxh2+ 22. Kg4 h5+ 23. Kg5 Qg3+ 24. Kf5 Rxe1 25. Rxe1 Qxe1 0-1

[Event "Queens Festival Final Team 2022"]
[Site "Tornelo"]
[Date "2022.06.26"]
[Round "2.3"]
[White "Khezrian, Nooralzahra"]
[Black "Banda Tapiwa"]
[Result "1-0"]
[ECO "C48"]
[WhiteElo "1269"]
[BlackElo "1213"]
[Annotator "NA RC"]
[PlyCount "55"]
[EventDate "2022.06.24"]
[EventType "team-tourn"]
[EventCountry "NET"]
[SourceTitle "playchess.com"]
[Source "ChessBase"]
[SourceQuality "1"]
[WhiteTeam "Iran"]
[BlackTeam "MAW"]
[WhiteTeamCountry "IRI"]
[TimeControl "180+2"]

1. e4 e5 2. Nf3 Nc6 3. Nc3 Nf6 4. Bb5 a6 5. Bxc6 bxc6 6. Nxe5 Bb4 7. d3 Bxc3+ 8. bxc3 d6 9. Nxc6 Qd7 10. Nd4 O-O 11. O-O Re8 12. Bg5 c5 13. Bxf6 cxd4 14. Bxd4 a5 15. Qh5 g6 16. Qh6 f5 17. exf5 gxf5 18. Rfe1 Rxe1+ 19. Rxe1 Ra7 20. Bxa7 Qxa7 21. Re8+ Kf7 22. Qf8+ Kg6 23. Qg8+ Qg7 24. Qxg7+ Kxg7 25. Rxc8 Kf6 26. Ra8 Ke5 27. Rxa5+ Ke6 28. Kf1 1-0

[Event "Queens Festival Final Team 2022"]
[Site "Tornelo"]
[Date "2022.06.26"]
[Round "2.4"]
[White "Ismayil, Malak"]
[Black "Song, Yuxin"]
[Result "1/2-1/2"]
[ECO "B51"]
[WhiteElo "2001"]
[BlackElo "2317"]
[Annotator "TA"]
[PlyCount "148"]
[EventDate "2022.06.24"]
[EventType "team-tourn"]
[EventCountry "NET"]
[SourceTitle "playchess.com"]
[Source "ChessBase"]
[SourceQuality "1"]
[WhiteTeam "Azerbaijan"]
[BlackTeam "China"]
[WhiteTeamCountry "AZE"]
[BlackTeamCountry "CHN"]
[TimeControl "180+2"]

1. e4 c5 2. Nf3 d6 3. Bb5+ Nd7 4. O-O a6 5. Bxd7+ Bxd7 6. d4 cxd4 7. Nxd4 Nf6 8. Re1 e6 {[%emt 0:00:09] B51: Sicilian: Moscow Variation (3 Bb5+) without 3...Bd7.} 9. c4 {[%emt 0:00:04] [#]} Rc8 $146 ({Predecessor:} 9... Be7 10. Nc3 O-O 11. b3 Rb8 12. Qd3 Qa5 13. Bd2 Qh5 14. a4 Ng4 15. h3 Ne5 16. Qe2 Qxe2 17. Rxe2 {1-0 (67) Fieberg,S (2186)-Potapova,M (2257) Chess.com INT 2022}) 10. b3 Be7 (10... b5 $5 ) 11. Bb2 b5 12. cxb5 axb5 13. Qd3 b4 14. Nd2 O-O 15. Nc4 d5 16. exd5 Nxd5 17. Nf3 (17. Nf5 $11 Bf6 18. Bxf6 Qxf6 19. Nfd6) 17... Bb5 $17 18. Qe4 Bf6 {[%emt 0:00:13] A strong pair of Bishops.} (18... Bxc4 $17 19. bxc4 Nc3) 19. Be5 Nc3 20. Qg4 Bxc4 21. bxc4 Bxe5 22. Nxe5 Qe7 (22... Rc5 $17 23. Qg3 Qc7) 23. Re3 f6 24. Nd3 e5 25. c5 Nd5 (25... e4 $17 {Hoping for ...f5.} 26. Qh3 f5) 26. Qc4 Qf7 27. Ree1 Nf4 28. Qxf7+ Rxf7 29. Nxb4 Rxc5 30. g3 Nd5 31. Nxd5 Rxd5 $11 {[%emt 0:00:01][%mdl 4096] Endgame KRR-KRR} 32. Rec1 Ra7 33. Rc2 ({White should play} 33. Rc4 $11) 33... Ra3 ({Better is} 33... Rda5 $15) 34. Rb1 Rd7 {[%emt 0:00:10] Against Rb7} 35. Rbb2 Rda7 36. Kf1 Kf7 37. Ke2 Ke6 38. Rd2 h5 39. h4 Kf5 40. Kf1 Kg4 41. Kg2 R7a4 42. Rdc2 g5 43. hxg5 fxg5 44. Re2 {[%emt 0:00:01] The position is equal.} Ra5 45. Rb4+ Kf5 46. Rbb2 h4 47. gxh4 gxh4 48. Kh2 Kg5 49. Kg2 R3a4 50. Kh2 Rf4 51. Kg2 Kg4 52. Rb3 Rfa4 53. Rbe3 Rxa2 54. Re4+ Kf5 55. Rxa2 Rxa2 56. Rxh4 {[%emt 0:00:01] KR-KR} e4 57. Kg3 Ra3+ 58. Kg2 Ke5 59. Rh5+ Kd4 60. Rh8 Ra4 61. Rd8+ Ke5 62. Re8+ Kf4 63. Rf8+ Ke5 64. Kg3 Ra3+ 65. Kg4 Ra2 66. Re8+ Kd4 67. Rd8+ Kc4 68. Kg3 Re2 69. Rc8+ Kd3 70. Rd8+ Kc3 71. Rd7 Kc4 72. Rd8 Kc3 73. Rd1 Kc2 74. Rd8 Kc3 {[%emt 0:00:02] Weighted Error Value: White=0.14 (very precise) /Black=0.16 (very precise)} 1/2-1/2